 Dungeon Crawl Stone Soup version 0.25-a0-306-g3faca94807 (webtiles) character file.

Game seed: 16577590725914203092, levelgen mode: deterministic

25 Redear the Skirmisher (level 2, 0/24 HPs)
             Began as a Mummy Monk on Dec 21, 2019.
             Slain by an adder (2 damage)
             ... on level 1 of the Dungeon.
             The game lasted 00:01:16 (1511 turns).

Redear the Skirmisher (Mummy Monk)                  Turns: 1511, Time: 00:01:17

Health: 0/24       AC:  0    Str: 14    XL:     2   Next: 86%
Magic:  2/2        EV: 13    Int:  9    God:
Gold:   77         SH:  0    Dex: 14    Spells: 1/1 levels left

rFire    x . .     SeeInvis .     - Unarmed
rCold    + . .     Gourm    .   (no shield)
rNeg     + + +     Faith    .   (no armour)
rPois    ∞         Spirit   .   (no helmet)
rElec    .         Reflect  .   (no cloak)
rCorr    .         Harm     .   (no gloves)
MR       .....                  (no boots)
Stlth    ++........             (no amulet)
HPRegen  0.08/turn              (no ring)
MPRegen  0.08/turn              (no ring)

@: no status effects
A: no food or potions, fire vulnerability, cold resistance 1, negative energy
resistance 3, torment resistance, unbreathing
a: no special abilities


You were on level 1 of the Dungeon.
You were not hungry.

You visited 1 branch of the dungeon, and saw 2 of its levels.

You collected 77 gold pieces.

Inventory:

Armour
 c - a +0 pair of boots
 d - a +0 pair of boots
Scrolls
 a - a scroll of amnesia
 R - a scroll of identify {@r1}
 T - a scroll of teleportation {@r3}


   Skills:
 + Level 3.4 Fighting
 + Level 2.7 Dodging
 - Level 1.5 Stealth
 + Level 2.7 Unarmed Combat


You had one spell level left.
You didn't know any spells.
Your spell library was empty.

Dungeon Overview and Level Annotations

Branches:
Dungeon (2/15)

Altars:

Annotations:
D:2 Sigmund


Innate Abilities, Weirdness & Mutations

You do not eat or drink.
Your flesh is vulnerable to fire.
You are immune to poison.
Your flesh is cold resistant. (rC+)
You are immune to negative energy. (rN+++)
You are immune to unholy pain and torment.
You can survive without breathing.


Message History

You are too injured to fight recklessly!
You are too injured to fight recklessly!
You are too injured to fight recklessly!
Unknown command.
Unknown command.
As you read the scroll labeled OTUTHR PASOTAISAGG, it crumbles to dust.
It is a scroll of amnesia.
You feel forgetful for a moment. The adder bites you.
* * * LOW HITPOINT WARNING * * *
You take 3 damage, and have 2/24 hp.
Unknown command.
You can't drink.
Sorry, you're not good enough to have a special ability.
You can't drink.
As you read the scroll labeled AMNEAK KISTRERCH, it crumbles to dust.
It is a scroll of identify.
e - a scroll of teleportation;
T - a scroll of teleportation
R - a scroll of identify The adder barely misses you.
The adder bites you.
You die...

....## #.........#. ##...##
#.........'. #.....############
#.........#. .#...............#
##.......##. ###.############.#
###....###' # #.# #.# #'#####..
#.# #####.### ##.###.... ##'##
#....S..# #...#..... ##...##
#...#@#.# #...+....<
#.....######...#.#.# #...#.....
.......##..........# ###.###....
........#..........####.#.#####..
........+.......(.......#..#####+
........####.......####.##......(
.......##......>#### #.#########
#.....###.##....# #.##.# #.#
##...## #.###.#.# #.##.###.#


You could see an adder.

Vanquished Creatures
  A leopard gecko (D:2)
  A ball python (D:2)
  2 giant cockroaches
  3 goblins
  3 hobgoblins (D:1)
  2 jackals (D:1)
  3 kobolds (D:1)
  2 bats
  2 frilled lizards (D:2)
  2 rats
21 creatures vanquished.

Notes
Turn   | Place    | Note
-------+----------+-------------------------------------------
     0 | D:1      | Redear the Mummy Monk began the quest for the Orb.
     0 | D:1      | Reached XP level 1. HP: 18/18 MP: 1/1
   487 | D:1      | Reached XP level 2. HP: 22/24 MP: 2/2
   950 | D:2      | Noticed Sigmund
  1510 | D:1      | HP: 2/24 [adder (3)]
  1511 | D:1      | Slain by an adder

Levels and vault maps discovered:
D:1:      dpeg_arrival_three_smaller_balls, layout_loops_corners
D:2:      layout_loops_corners, kennysheep_crisscross, uniq_sigmund

Action                   || total
-------------------------++-------
Melee: Unarmed           ||    87
       Punch             ||     1
  Use: Scroll            ||     2
 Stab: Sleeping          ||     3
Dodge: Dodged            ||    61

Table legend:
 A = Non-vault XP
 B = Vault XP
 C = Vault XP percentage of total XP
 D = Non-vault monster count
 E = Vault monster count
 F = Vault count percentage of total count
                 A         B        C        D         E       F
            +---------+---------+-------+---------+---------+-------
      Total |      37 |       0 |   0.0 |      21 |       0 |   0.0
            +---------+---------+-------+---------+---------+-------
        D:1 |      23 |       0 |   0.0 |      13 |       0 |   0.0
        D:2 |      14 |       0 |   0.0 |       8 |       0 |   0.0
            +---------+---------+-------+---------+---------+-------
